 Dungeon Crawl Stone Soup version 0.30-a0-964-gd452b5e7fa (webtiles) character file.

Game seed: 7895521196797945118

204135 senseless the Tortoise (level 19, -2/158 HPs)
             Began as a Formicid Hunter on Mar 29, 2023.
             Was the Champion of Okawaru.
             Killed from afar by a shock serpent (15 damage)
             ... with a bolt of electricity
             ... on level 3 of the Snake Pit on Mar 30, 2023.
             The game lasted 02:03:33 (31195 turns).

senseless the Tortoise (Formicid Hunter)           Turns: 31195, Time: 02:03:34

Health: -2/158     AC: 27    Str: 20    XL:     19   Next: 34%
Magic:  0/29       EV: 24    Int:  8    God:    Okawaru [******]
Gold:   2601       SH: 28    Dex: 33    Spells: 18/18 levels left

rFire   + + .      SeeInvis +    R - +4 arbalest (heavy)
rCold   . . .      Faith    .    G - +5 kite shield "Dokecid" {Fly}
rNeg    . . .      Spirit   +    p - +9 scale mail of the Hall of Blades {rPois Stlth+}
rPois   +          Reflect  .    (helmet unavailable)
rElec   .          Rampage  .    g - scarf of Kucuqeun {shadows, Slay+2}
rCorr   .                        M - +2 pair of gloves {hurl}
Will    +....                    I - +2 pair of boots
Stlth   ++++                     K - brooch of Shielding {Spirit SH+8}
HPRegen 0.46/turn                Y - ring of Compassion {Drain rF++ Str+3 Dex+6}
MPRegen 0.21/turn                N - +4 ring of slaying

@: flying
A: permanent stasis, dig shafts and tunnels, antennae 3, four strong arms, agile
1
}: 1/15 runes: decaying
a: Dig, Shaft Self, Renounce Religion, Heroism, Finesse, Duel


You were on level 3 of the Snake Pit.
You worshipped Okawaru.
Okawaru was exalted by your worship.
You visited 6 branches of the dungeon, and saw 30 of its levels.
You also visited: Gauntlet and Ice Cave.

You collected 3461 gold pieces.
You spent 860 gold pieces at shops.

Inventory:

Hand Weapons
 E - a +8 triple crossbow
 R - a +4 heavy arbalest (weapon)
Missiles
 z - 2 throwing nets
Armour
 c - a +2 cloak
 g - the scarf of Kucuqeun (worn) {shadows, Slay+2}
   (Okawaru gifted it to you on level 1 of the Lair of Beasts)

   Slay:      It affects your accuracy & damage with ranged weapons and melee
   (+2).
 j - the scarf "Enlehel" {repulsion, +Blink rN+ Regen+}
   (Okawaru gifted it to you on level 1 of the Swamp)

   rN:        It protects you from negative energy.
   +Blink:    It lets you blink.
   Regen:     It increases your rate of health regeneration.
 p - the +9 scale mail of the Hall of Blades (worn) {rPois Stlth+}
   (You acquired it on level 3 of the Lair of Beasts)

   rPois:     It protects you from poison.
   Stlth:     It makes you more stealthy.
 G - the +5 kite shield "Dokecid" (worn) {Fly}
   (Okawaru gifted it to you in the Arena)

   Fly:       It grants you flight.
 I - a +2 pair of boots (worn)
 M - a +2 pair of gloves of hurling (worn)
Jewellery
 d - a ring of protection from cold
 n - a ring of positive energy
 u - the ring "Qiegone" {Ice Will+ Int+3}
   (You found it in a Gauntlet)

   [ring of ice]

   It enhances your ice magic.
   Int:       It affects your intelligence (+3).
   rF:        It makes you vulnerable to fire.
   rC:        It protects you from cold.
   Will:      It increases your willpower.
 v - a ring of resist corrosion
 y - a ring of protection from fire
 B - a +4 ring of protection
 D - an amulet of reflection
 K - the brooch of Shielding (around neck) {Spirit SH+8}
   (You found it on level 5 of the Lair of Beasts)

   [amulet of guardian spirit]

   It causes incoming damage to be divided between your reserves of health and
   magic.
   SH:        It affects your SH (+8).
 N - a +4 ring of slaying (right hand)
 P - a ring of willpower
 T - a ring of poison resistance
 U - a ring of wizardry
 W - a ring of protection from cold
 X - the ring of Fyqo {rC+ Int+3}
   (You found it in an ice cave)

   [ring of protection from cold]

   Int:       It affects your intelligence (+3).
   rC:        It protects you from cold.
 Y - the ring of Compassion (left hand) {Drain rF++ Str+3 Dex+6}
   (You found it in an ice cave)

   [ring of dexterity]

   Str:       It affects your strength (+3).
   Dex:       It affects your dexterity (+6).
   rF:        It greatly protects you from fire.
   Drain:     It drains your maximum health when unequipped.
 Z - a ring of protection from fire
Wands
 e - a wand of digging (7)
 q - a wand of mindburst (38)
 t - a wand of polymorph (28)
 A - a wand of light (24)
 F - a wand of flame (63)
 V - a wand of roots (32)
Scrolls
 a - 3 scrolls of enchant armour
 b - 6 scrolls of immolation
 m - 2 scrolls of poison
 r - 6 scrolls of fog
 w - 3 scrolls of magic mapping
 C - 5 scrolls of silence
 H - 2 scrolls of fear
 J - 28 scrolls of identify
Potions
 f - 8 potions of mutation
 h - 8 potions of might
 i - 18 potions of curing
 k - 2 potions of lignification
 l - 3 potions of heal wounds
 o - 3 potions of magic
 s - 3 potions of ambrosia
 x - 2 potions of invisibility
 O - a potion of flight
 Q - 2 potions of cancellation
 S - a potion of attraction


   Skills:
 + Level 16.3 Fighting
 + Level 15.5 Ranged Weapons
 - Level 0.7 Throwing
 + Level 17.0 Armour
 + Level 13.9 Dodging
 - Level 7.7 Stealth
 - Level 9.6 Shields
 + Level 14.3 Invocations


You had 18 spell levels left.
You didn't know any spells.
Your spell library contained the following spells:

 Spells                   Type           Power      Damage    Failure   Level
 Sandblast                Erth           0%         2d4       86%         1
 Slow                     Hex            0%         N/A       86%         1
 Sting                    Tmut/Pois      0%         1d3       86%         1
 Ensorcelled Hibernation  Hex/Ice        0%         N/A       94%         2
 Lesser Beckoning         Tloc           0%         N/A       94%         2
 Momentum Strike          Conj/Tloc      0%         3d8       94%         2
 Passwall                 Tmut/Erth      0%         N/A       94%         2
 Poisonous Vapours        Pois/Air       0%         N/A       94%         2
 Confusing Touch          Hex            0%         N/A       99%         3
 Frozen Ramparts          Ice            0%         1d1       99%         3
 Spider Form              Tmut/Pois      0%         N/A       99%         3
 Stone Arrow              Conj/Erth      0%         3d7       99%         3
 Vampiric Draining        Necr           0%         2d6       99%         3
 Anguish                  Hex/Necr       0%         N/A       100%        4
 Manifold Assault         Tloc           0%         N/A       100%        4
 Olgreb's Toxic Radiance  Pois           0%         N/A       100%        4
 Petrify                  Tmut/Erth      0%         N/A       100%        4
 Fireball                 Conj/Fire      0%         3d3       100%        5
 Freezing Cloud           Conj/Ice/Air   0%         6-21      100%        5
 Iskenderun's Battlesphe  Conj           0%         2d6       100%        5
 Metabolic Englaciation   Hex/Ice        0%         N/A       100%        5
 Yara's Violent Unravell  Hex/Tmut       0%         3d3       100%        5
 Conjure Ball Lightning   Conj/Air       0%         3x3d6     100%        6
 Eringya's Noxious Bog    Tmut/Pois      0%         N/A       100%        6
 Statue Form              Tmut/Erth      0%         N/A       100%        6
 Enfeeble                 Hex            0%         N/A       100%        7
 Orb of Destruction       Conj           0%         9d5       100%        7
 Ozocubu's Refrigeration  Ice            0%         4d7       100%        7
 Storm Form               Tmut/Air       0%         N/A       100%        7
 Chain Lightning          Conj/Air       0%         N/A       100%        9
 Fire Storm               Conj/Fire      0%         5d1       100%        9
 Polar Vortex             Ice            0%         N/A       100%        9
 Shatter                  Erth           0%         3d5*      100%        9
 Blink                    Tloc           Unusable   N/A       N/A         2
 Simulacrum               Ice/Necr       Unusable   N/A       N/A         6

Dungeon Overview and Level Annotations

Branches:
Dungeon (14/15)            Temple (1/1) D:6            Lair (5/5) D:8
  Swamp (4/4) Lair:2        Snake (4/4) Lair:2        Slime (0/5) Lair:4
    Orc (2/2) D:10            Elf (0/3) Orc:2         IceCv (visited)
Gauntlet (visited)
 Vaults: D:13-14

Altars:
Ashenzari
Cheibriados
Dithmenos
Elyvilon
Fedhas
Gozag
Hepliaklqana
Kikubaaqudgha
Makhleb
Nemelex Xobeh
Okawaru
Qazlal
Ru
Sif Muna
Trog
Uskayaw
Vehumet
Wu Jian
Xom
Yredelemnul
Zin
The Shining One
Jiyva
Lugonu

Shops:
D:4 ::[   D:7 :   D:11 ?[!   D:13 [   Orc:2 ?*=!   Snake:2 (

Portals:
Abyss: D:14

Annotations:
Snake:4 3 runed translucent doors, Dyetwah's ghost, journeyman FeSu


Innate Abilities, Weirdness & Mutations

You cannot be hasted, slowed, berserked, paralysed or teleported.
You can dig through walls and to a lower floor.
You have a pair of large antennae on your head. (SInv)
Your four strong arms can wield two-handed weapons with a shield.
You are agile. (Dex +4, Str/Int -1)


Message History

The bolt of electricity hits you!!
* * * LOW HITPOINT WARNING * * *
The bolt of electricity hits you!
* * * LOW HITPOINT WARNING * * *
The bolt of electricity hits the shock serpent.
The shock serpent completely resists.
You block the shock serpent's attack.
You shoot a bolt.
The bolt barely misses the shock serpent.
The shock serpent bites you.
* * * LOW HITPOINT WARNING * * *
The shock serpent shocks you!
* * * LOW HITPOINT WARNING * * *
You block the shock serpent's attack. The shock serpent closely misses you.
You feel much better. The shock serpent bites you!
* * * LOW HITPOINT WARNING * * *
The shock serpent shocks you!
* * * LOW HITPOINT WARNING * * *
You block the shock serpent's attack.
You shoot a bolt. The bolt misses the shock serpent.
The shock serpent bites you!
* * * LOW HITPOINT WARNING * * *
The shock serpent shocks you!
* * * LOW HITPOINT WARNING * * *
The shock serpent completely misses you.
You block the shock serpent's attack.
You feel much better. You block the shock serpent's attack.
You shoot a bolt.
The bolt barely misses the shock serpent.
The shock serpent shoots out a bolt of lightning at you!
The bolt of electricity misses you. The bolt of electricity hits you!
* * * LOW HITPOINT WARNING * * *
The bolt of electricity hits the shock serpent.
The shock serpent completely resists.
The shock serpent misses you. You block the shock serpent's attack.
You feel much better.
The shock serpent shoots out a bolt of lightning at you!
The bolt of electricity hits you!!
* * * LOW HITPOINT WARNING * * *
The bolt of electricity hits you!
You die...

#.#.#...[...#.......#.....
#.#.##.....###.....###....
#.##.##...## ##...## ##...
#.##..####################
#.##### #................
#.# ##.<........##### #.#
#........#...... #.#
###........####### #.#
#@[....##### #.#
###)S..#..#
###.#####...).###.#
#.....#...#÷>## #.###
#.....#.#.....# #...##
#.......#.....#
###..#######
#.....###.....# ##....##..
####### #.....# #........
#.....# #..†.....


You could see a shock serpent.

Vanquished Creatures
  Vashnia (Snake:3)
  Nikola (Snake:1)
  The ghost of contendunt the Acrobat, an adept MiFi of Okawaru (Swamp:2)
  Jorgrun (Swamp:2)
  The ghost of stickyfingers the Bludgeoner, an adept MeMo of Trog (Swamp:2)
  A thorn hunter (Swamp:3)
  Kirke (Snake:3)
  The ghost of stickyfingers the Tortoise, an adept MeMo of Okawaru (Swamp:3)
  Roxanne (Swamp:2)
  3 nagarajas (Snake:4)
  A fenstrider witch (Swamp:4)
  Aizul (Snake:1)
  2 eleionomae
  A minotaur (Gauntlet)
  A white draconian (IceCv)
  2 bunyips (Swamp:1)
  Snorg (Orc:1)
  Josephine (D:10)
  A shambling mangrove (Swamp:1)
  3 fire dragons
  A great orb of eyes (Gauntlet)
  15 hydras
  3 salamander tyrants
  4 ogre magi
  Erica (D:9)
  3 catoblepae (Lair:5)
  15 anacondas
  17 two-headed ogres
  7 alligators
  9 death yaks
  A centaur warrior (D:13)
  23 naga sharpshooters
  5 shock serpents
  17 naga warriors
  A fire crab (Swamp:4)
  4 spriggans (Swamp:2)
  A skyshark (Lair:2)
  8 sea snakes (Snake:1)
  The ghost of Reshi88 the Covert, a novice SpHu of Fedhas (D:9)
  7 salamander mystics
  2 goliath frogs
  3 spriggan druids
  6 naga ritualists
  8 swamp dragons
  A necromancer (Gauntlet)
  An orc knight (Orc:1)
  19 mana vipers
  A lindwurm (Swamp:4)
  A wolf spider (Lair:1)
  A will-o-the-wisp (Swamp:1)
  A deep elf pyromancer (D:13)
  4 cyclopes
  22 salamanders
  4 ugly things
  7 elephants
  2 manticores (Lair:5)
  37 black mambas
  Maurice (D:13)
  2 ice statues (IceCv)
  Joseph (D:7)
  8 guardian serpents
  A torpor snail (Lair:3)
  12 naga magi
  4 cane toads
  6 komodo dragons
  2 unseen horrors
  6 rime drakes
  2 kobold demonologists (D:14)
  3 trolls
  2 bloated husks (Swamp:1)
  5 tyrant leeches
  3 polar bears
  Prince Ribbit (D:8)
  6 hornets
  17 blink frogs
  A dream sheep (Lair:2)
  3 shadows
  A yak (shapeshifter) (D:13)
  A human (Snake:3)
  34 yaks
  3 wyverns
  8 wraiths
  2 fire bats (Swamp:4)
  2 fire elementals
  4 hogs (Snake:3)
  5 basilisks
  8 vampire mosquitoes
  7 steam dragons
  2 wargs (Orc:2)
  15 swamp worms
  36 nagas
  3 acid dragons
  21 water moccasins
  21 orc warriors
  4 black bears
  3 sky beasts
  3 ice beasts (D:6)
  8 swamp drakes
  29 ogres
  21 wolves
  13 centaurs
  2 phantoms
  4 kobold brigands
  16 bullfrogs
  5 scorpions
  13 wights
  4 lindwurm simulacra (IceCv)
  6 killer bees
  A howler monkey (D:4)
  2 vampire bats (Lair:4)
  9 electric eels
  A lava snake (Snake:3)
  6 komodo dragon simulacra (IceCv)
  3 quasits (D:7)
  17 orc priests
  3 jellies
  2 hounds
  2 sleepcaps
  2 iguanas
  25 orc wizards
  6 acid dragon simulacra (IceCv)
  15 adders
  An ufetubus (D:4)
  5 steam dragon simulacra (IceCv)
  2 worms
  7 dart slugs
  83 orcs
  4 endoplasms
  2 giant cockroaches
  4 goblins
  12 hobgoblins
  7 jackals (D:1)
  3 quokkas
  6 ball pythons
  12 bats
  5 frilled lizards
  18 kobolds
  3 rats
  A lurking horror (D:14)
948 creatures vanquished.

Vanquished Creatures (others)
  A lindwurm (Swamp:4)
  2 guardian serpents (Snake:4)
  A bloated husk (Swamp:2)
  A swamp drake (Swamp:4)
  15 demonic plants (Gauntlet)
  4 foxfires (Swamp:1)
  14 fungi
  49 plants
87 creatures vanquished.

Grand Total: 1035 creatures vanquished

Notes
Turn   | Place    | Note
-------+----------+-------------------------------------------
     0 | D:1      | senseless the Formicid Hunter began the quest for the Orb.
     0 | D:1      | Reached XP level 1. HP: 16/16 MP: 1/1
    44 | D:1      | Reached XP level 2. HP: 22/23 MP: 2/2
   160 | D:1      | Reached XP level 3. HP: 25/28 MP: 3/3
   924 | D:2      | Found a faded altar of an unknown god.
  1011 | D:2      | Reached XP level 4. HP: 34/34 MP: 4/4
  1476 | D:2      | Reached XP level 5. HP: 30/41 MP: 5/5
  2482 | D:3      | Found a blossoming altar of Fedhas.
  2679 | D:3      | Gained mutation: You are agile. (Dex +4, Str/Int -1)
                  | [potion of mutation]
  2780 | D:4      | Reached skill level 1 in Armour
  2840 | D:4      | Reached XP level 6. HP: 34/47 MP: 6/6
  2966 | D:4      | Found Kimemev's Book Shoppe.
  3027 | D:4      | Found an opulent altar of Gozag.
  3031 | D:4      | Found a shadowy altar of Dithmenos.
  3071 | D:4      | Reached skill level 2 in Armour
  3264 | D:4      | Reached skill level 5 in Ranged Weapons
  3264 | D:4      | Reached XP level 7. HP: 54/54 MP: 7/7
  3294 | D:4      | Found Vionem's Book Shop.
  3344 | D:4      | Found Anamu's Antique Armour Boutique.
  3360 | D:5      | Entered Level 5 of the Dungeon
  3399 | D:5      | Found an ancient bone altar of Kikubaaqudgha.
  3469 | D:5      | Reached skill level 3 in Armour
  3793 | D:5      | Reached skill level 4 in Armour
  3825 | D:5      | Reached XP level 8. HP: 61/61 MP: 8/8
  4222 | D:6      | Reached skill level 5 in Stealth
  4284 | D:4      | Found a sacrificial altar of Ru.
  4354 | D:6      | Reached skill level 5 in Fighting
  4354 | D:6      | Reached skill level 5 in Armour
  4463 | D:6      | Found a broken altar of Ashenzari.
  4492 | D:6      | Found a staircase to the Ecumenical Temple.
  4563 | D:4      | Bought a scorched cloak for 228 gold pieces
  4563 | D:4      | Identified the +1 cloak "Cowno" {Harm Str+2} (You bought it
                  | in a shop on level 4 of the Dungeon)
  4595 | Temple   | Entered the Ecumenical Temple
  4602 | Temple   | Became a worshipper of Warmaster Okawaru
  5042 | D:6      | Reached XP level 9. HP: 67/68 MP: 9/9
  5095 | D:6      | Reached skill level 6 in Armour
  5604 | D:7      | Noticed Joseph
  5616 | D:7      | Killed Joseph
  5616 | D:7      | Reached * piety under Okawaru
  5735 | D:7      | Noticed a hornet
  5746 | D:7      | Killed a hornet
  5747 | D:7      | Reached skill level 7 in Armour
  5997 | D:7      | Reached ** piety under Okawaru
  6031 | D:7      | Identified a scroll of acquirement
  6031 | D:7      | Acquired a +4 ring of protection
  6160 | D:7      | Found Kogruadd's Tremendous Tomes.
  6234 | D:7      | Reached skill level 5 in Dodging
  6831 | D:7      | Reached XP level 10. HP: 71/75 MP: 10/10
  7039 | D:8      | Reached skill level 8 in Armour
  7308 | D:8      | Reached *** piety under Okawaru
  7316 | D:8      | Found a staircase to the Lair.
  7503 | D:8      | Noticed Prince Ribbit
  7510 | D:8      | Killed Prince Ribbit
  7511 | D:8      | Reached skill level 1 in Shields
  8282 | D:9      | Reached **** piety under Okawaru
  8553 | D:9      | Found a runed translucent door.
  8553 | D:9      | Noticed Reshi88's ghost (novice SpHu)
  8588 | D:9      | Reached skill level 9 in Armour
  8624 | D:9      | Found a glowing golden altar of the Shining One.
  8911 | D:9      | Killed Reshi88's ghost
  8912 | D:9      | Reached XP level 11. HP: 84/85 MP: 11/11
  8949 | D:10     | Entered Level 10 of the Dungeon
  8989 | D:10     | Noticed Erica
  9106 | D:9      | Killed Erica
  9464 | D:10     | Found a staircase to the Orcish Mines.
  9507 | D:10     | Reached skill level 5 in Shields
  9554 | D:10     | Reached ***** piety under Okawaru
  9693 | D:10     | Noticed a two-headed ogre
  9705 | D:10     | Killed a two-headed ogre
  9727 | D:10     | Received a gift from Okawaru
  9958 | D:11     | Found Domocaw's Distillery.
 10088 | D:11     | Found Vigriywn's Magic Scroll Shoppe.
 10095 | D:11     | Bought a scroll of enchant armour for 75 gold pieces
 10106 | D:11     | Noticed a green ugly thing
 10122 | D:11     | Killed a green ugly thing
 10295 | D:11     | Found Yzeffioh's Antique Armour Boutique.
 10323 | D:11     | Reached skill level 10 in Armour
 10398 | D:11     | Noticed a two-headed ogre
 10407 | D:11     | Killed a two-headed ogre
 10553 | D:11     | Noticed a two-headed ogre
 10555 | D:11     | Noticed a two-headed ogre
 10558 | D:11     | Killed a two-headed ogre
 10559 | D:11     | Reached XP level 12. HP: 94/94 MP: 12/12
 10599 | D:11     | Identified the +0 robe "Baryt" {rC+}
 10708 | D:11     | Killed a two-headed ogre
 11180 | D:12     | Noticed a two-headed ogre
 11186 | D:12     | Killed a two-headed ogre
 12301 | D:13     | Found Amobu's Antique Armour Boutique.
 12304 | D:13     | Bought a glowing cloak for 285 gold pieces
 12337 | D:13     | Identified the +1 shortbow "Inupp" {freeze, +Blink Will+
                  | Dex+3} (Okawaru gifted it to you on level 13 of the
                  | Dungeon)
 12337 | D:13     | Received a gift from Okawaru
 12357 | D:13     | Noticed a centaur warrior
 12364 | D:13     | Killed a centaur warrior
 12365 | D:13     | Reached skill level 11 in Armour
 12568 | D:13     | Noticed Maurice
 12574 | D:13     | Killed Maurice
 12704 | D:13     | Reached skill level 10 in Fighting
 13100 | D:14     | Found a corrupted altar of Lugonu.
 13102 | D:14     | Found a one-way gate to the infinite horrors of the Abyss.
 13257 | D:14     | Noticed a sun demon
 13287 | D:14     | Reached XP level 13. HP: 103/103 MP: 13/13
 13474 | Lair:1   | Entered Level 1 of the Lair of Beasts
 13481 | Lair:1   | Reached ****** piety under Okawaru
 13519 | Lair:1   | Found a frozen archway.
 13543 | IceCv    | Entered an ice cave
 13675 | IceCv    | Reached skill level 10 in Ranged Weapons
 14158 | IceCv    | Noticed a white draconian
 14165 | IceCv    | Received a gift from Okawaru
 14179 | IceCv    | Killed a white draconian
 14179 | IceCv    | Received a gift from Okawaru
 14180 | IceCv    | Reached skill level 1 in Invocations
 14270 | IceCv    | Identified the ring of Fyqo {rC+ Int+3}
 14272 | IceCv    | Identified the ring of Compassion {Drain rF++ Str+3 Dex+6}
 14567 | Lair:1   | Identified the scarf of Kucuqeun {shadows, Slay+2} (Okawaru
                  | gifted it to you on level 1 of the Lair of Beasts)
 14567 | Lair:1   | Received a gift from Okawaru
 15270 | Lair:2   | Reached skill level 12 in Armour
 15619 | Lair:2   | Found a staircase to the Swamp.
 15891 | Lair:2   | Found a staircase to the Snake Pit.
 15897 | Lair:2   | Reached XP level 14. HP: 91/113 MP: 17/17
 15911 | Arena    | Entered the Arena
 15918 | Arena    | Reached skill level 5 in Invocations
 16672 | Lair:3   | Found a gate leading to a gauntlet.
 16683 | Lair:3   | Acquired the +9 scale mail of the Hall of Blades {rPois
                  | Stlth+}
 16697 | Gauntlet | Entered a Gauntlet
 16697 | Gauntlet | Found a transporter.
 16699 | Gauntlet | Found a large runed translucent door.
 16700 | Gauntlet | Found a large runed translucent door.
 16701 | Gauntlet | Found a large runed translucent door.
 16701 | Gauntlet | Found a large runed translucent door.
 16701 | Gauntlet | Found a runed translucent door.
 16702 | Gauntlet | Found a large runed translucent door.
 16703 | Gauntlet | Found a large runed translucent door.
 16704 | Gauntlet | Found a runed translucent door.
 16705 | Gauntlet | Found a large runed translucent door.
 16705 | Gauntlet | Found a large runed translucent door.
 16705 | Gauntlet | Found a large runed translucent door.
 16705 | Gauntlet | Found a large runed translucent door.
 16706 | Gauntlet | Found a large runed translucent door.
 16707 | Gauntlet | Found a large runed translucent door.
 16709 | Gauntlet | Found a transporter.
 16715 | Gauntlet | Found a large runed translucent door.
 16715 | Gauntlet | Found a large runed translucent door.
 16716 | Gauntlet | Found a runed translucent gate.
 16716 | Gauntlet | Found a runed translucent gate.
 16718 | Gauntlet | Found a transporter.
 16726 | Gauntlet | Found a runed translucent gate.
 16733 | Gauntlet | Found a transporter.
 16738 | Gauntlet | Found a transporter.
 16754 | Gauntlet | Found a transporter.
 16772 | Gauntlet | Found a transporter.
 16790 | Gauntlet | Found a transporter.
 16805 | Gauntlet | Found a transporter.
 16811 | Gauntlet | Found a transporter.
 16828 | Gauntlet | Found a transporter.
 16828 | Gauntlet | Noticed a cacodemon
 16835 | Gauntlet | Found a transporter.
 16853 | Gauntlet | Found a transporter.
 16859 | Gauntlet | Found a transporter.
 16901 | Gauntlet | Found a transporter.
 16929 | Gauntlet | Found a transporter.
 17079 | Gauntlet | Found a large runed translucent door.
 17079 | Gauntlet | Found a large runed translucent door.
 17101 | Gauntlet | Found a transporter.
 17116 | Gauntlet | Found a transporter.
 17117 | Gauntlet | Identified the -1 hat "Otuohag" {Str+4}
 17411 | Gauntlet | Identified the ring "Qiegone" {Ice Will+ Int+3}
 17445 | Gauntlet | Noticed a minotaur
 17451 | Gauntlet | Killed a minotaur
 17562 | Lair:3   | Received a gift from Okawaru
 17563 | Lair:3   | Reached skill level 10 in Dodging
 18251 | Lair:4   | Reached skill level 13 in Armour
 18454 | Lair:4   | Received a gift from Okawaru
 18487 | Lair:4   | Found a staircase to the Slime Pits.
 18487 | Lair:4   | Found a viscous altar of Jiyva.
 18919 | Lair:4   | You fall into a shaft and drop 1 floor!
 18919 | Lair:5   | Entered Level 5 of the Lair of Beasts
 19604 | Lair:5   | Reached XP level 15. HP: 78/121 MP: 20/20
 19917 | Lair:5   | Found the brooch of Shielding {Spirit SH+8}
 20028 | Lair:5   | Found a shimmering altar of Xom.
 20386 | Swamp:1  | Entered Level 1 of the Swamp
 20391 | Swamp:1  | Identified the scarf "Enlehel" {repulsion, +Blink rN+
                  | Regen+} (Okawaru gifted it to you on level 1 of the Swamp)
 20391 | Swamp:1  | Received a gift from Okawaru
 21274 | Swamp:2  | Noticed Roxanne
 21285 | Swamp:2  | Killed Roxanne
 21331 | Swamp:2  | You fall into a shaft and drop 1 floor!
 21347 | Swamp:3  | Reached skill level 14 in Armour
 21439 | Swamp:3  | Found a runed translucent door.
 21439 | Swamp:3  | Noticed a thorn hunter
 21440 | Swamp:3  | Noticed stickyfingers's ghost (adept MeMo)
 21670 | Swamp:2  | Noticed Jorgrun
 21673 | Swamp:2  | Killed Jorgrun
 21822 | Swamp:2  | Found a runed translucent gate.
 21822 | Swamp:2  | Found a runed translucent gate.
 21822 | Swamp:2  | Found a runed translucent gate.
 21828 | Swamp:2  | Noticed stickyfingers's ghost (adept MeMo)
 21828 | Swamp:2  | Noticed contendunt's ghost (adept MiFi)
 22235 | Swamp:2  | Killed stickyfingers's ghost
 22235 | Swamp:2  | Received a gift from Okawaru
 22236 | Swamp:2  | Reached XP level 16. HP: 24/131 MP: 2/23
 22243 | Swamp:2  | Killed contendunt's ghost
 22731 | Swamp:3  | Killed a thorn hunter
 22756 | Swamp:3  | Killed stickyfingers's ghost
 23024 | Swamp:4  | Entered Level 4 of the Swamp
 23171 | Swamp:4  | Reached skill level 10 in Invocations
 23243 | Swamp:4  | Noticed a fenstrider witch
 23245 | Swamp:4  | Killed a fenstrider witch
 23341 | Arena    | Entered the Arena
 23345 | Arena    | Identified the +5 kite shield "Dokecid" {Fly} (Okawaru
                  | gifted it to you in the Arena)
 23345 | Arena    | Received a gift from Okawaru
 24141 | Swamp:4  | Got a decaying rune of Zot
 24313 | Orc:1    | Entered Level 1 of the Orcish Mines
 24314 | Orc:1    | Noticed Josephine
 24322 | D:10     | Killed Josephine
 24474 | Orc:1    | Noticed Snorg
 24487 | Orc:1    | Killed Snorg
 24739 | Orc:2    | Entered Level 2 of the Orcish Mines
 24778 | Orc:2    | Reached skill level 15 in Armour
 24833 | Orc:2    | Reached XP level 17. HP: 139/139 MP: 25/25
 24837 | Orc:1    | Identified the +0 pair of gloves of Spite {-Cast Drain
                  | Str+9} (Okawaru gifted it to you on level 1 of the Orcish
                  | Mines)
 24837 | Orc:1    | Received a gift from Okawaru
 24953 | Orc:2    | Found Wiptarche's General Store.
 24953 | Orc:2    | Found Qir Jouf's Magic Scroll Shop.
 24954 | Orc:2    | Found Ruggacvyr's Distillery.
 24954 | Orc:2    | Found Dinoup's Jewellery Shoppe.
 24963 | Orc:2    | Bought a potion of heal wounds for 85 gold pieces
 24963 | Orc:2    | Bought a potion of heal wounds for 85 gold pieces
 24963 | Orc:2    | Bought a potion of curing for 51 gold pieces
 24963 | Orc:2    | Bought a potion of curing for 51 gold pieces
 25230 | Orc:2    | Found a staircase to the Elven Halls.
 25559 | Snake:1  | Entered Level 1 of the Snake Pit
 26371 | Snake:1  | Got Head's Compendium of Mercurial Frostbite
 26633 | Snake:2  | Noticed Nikola
 26633 | Snake:2  | Found Tewkagoo's Weapon Emporium.
 26654 | Snake:1  | Killed Nikola
 26802 | Snake:2  | Identified the +0 tower shield of the Damp Nightingale
                  | {Will+} (Okawaru gifted it to you on level 2 of the Snake
                  | Pit)
 26802 | Snake:2  | Received a gift from Okawaru
 26839 | Snake:2  | Noticed Aizul
 27046 | Snake:1  | Killed Aizul
 27491 | Snake:1  | Reached skill level 15 in Fighting
 27832 | Snake:2  | Reached skill level 16 in Armour
 27951 | Snake:2  | Reached XP level 18. HP: 144/149 MP: 27/27
 28175 | Snake:3  | Found an iron altar of Okawaru.
 28779 | Snake:3  | Noticed Vashnia
 28825 | Snake:3  | Killed Vashnia
 28829 | Snake:3  | Received a gift from Okawaru
 28920 | Snake:3  | Upgraded the game from 0.30-a0-956-gcec3b41aec to
                  | 0.30-a0-964-gd452b5e7fa
 29357 | Snake:3  | Reached skill level 15 in Ranged Weapons
 29500 | Snake:3  | Noticed Kirke
 29514 | Snake:3  | Killed Kirke
 29732 | Snake:4  | Entered Level 4 of the Snake Pit
 30030 | Snake:4  | Found a runed translucent gate.
 30030 | Snake:4  | Found a runed translucent gate.
 30031 | Snake:4  | Found a runed translucent gate.
 30264 | Snake:4  | Noticed Dyetwah's ghost (journeyman FeSu)
 30317 | Snake:4  | Reached XP level 19. HP: 157/157 MP: 29/29
 30410 | Snake:4  | Received a gift from Okawaru
 30869 | Snake:3  | Reached skill level 17 in Armour
 31192 | Snake:3  | HP: 3/158 [shock serpent (9)]
 31195 | Snake:3  | Killed from afar by a shock serpent

Illustrated notes

Levels and vault maps discovered:
D:1:      minmay_arrival_open_corners, layout_basic
D:2:      cheibrodos_old_hovel, layout_basic, nicolae_ecumenical_oubliette
D:3:      layout_basic, fedhas_altar_1
D:4:      minmay_evil_eye, layout_rooms, nicolae_overflow_hidden_temple,
          serial_shops, nicolae_shop_stone, nicolae_shop_advertising_works
          [nicolae_subvault_shop_adworks], nicolae_shop_hallway_stairs
D:5:      layout_loops_ring, pf_just_have_faith
D:6:      layout_gridville, evilmike_ruin_ashenzari,
          minmay_temple_entry_large_hall, minivault_4
D:7:      cheibrodos_quashed, layout_basic, grunt_ministairs_4,
          nicolae_shop_i_like_big_books, uniq_joseph
D:8:      layout_basic, lair_entry_dummy, uniq_prince_ribbit1
D:9:      layout_rooms, kennysheep_mini, hellmonk_ghost_happy_afterlife
D:10:     layout_big_octagon, david_orc_2, uniq_erica
D:11:     layout_loops_cross, serial_shops, shop, shop, nicolae_stop_n_shop_1,
          lemuel_flamethrower_2
D:12:     layout_roguey [special_room_orc], serial_curves, eino_curves_02,
          eino_curves_02, eino_curves_04, eino_curves_03
D:13:     layout_basic, serial_shops, nicolae_stop_n_shop_1, uniq_maurice
D:14:     layout_roguey, david_vaults_2, nicolae_wwwww, special_room
          [special_room_orc], amcnicky_altar_lugonu_corruption
Temple:   nicolae_temple_no_exploring_needed
Lair:1:   minmay_lair_venomous_thicket, layout_regular_city,
          portal_ice_cave_entry_pillars_1
Lair:2:   nzn_winding_woodlands_small [nzn_winding_woodlands_5x15_default,
          nzn_winding_woodlands_center_pierced_h,
          nzn_winding_woodlands_5x15_parted], layout_gridlike,
          minmay_swamp_entry_swarm, minmay_snake_entry_six_corridors
Lair:3:   layout_chaotic_city, gauntlet_entry_generic
Lair:4:   layout_gridlike, slime_entry_1, roderic_batcave, minivault_26,
          grunt_megastairs_3
Lair:5:   evilmike_catoblepas_cave, layout_gridlike, basic_altar,
          serial_bayou_pond_c, grunt_forest_stairs_basic
Swamp:1:  layout_basic_swamp, evilmike_swamp_ruin_house_1
Swamp:2:  layout_basic_swamp, gammafunk_ghost_cemetery,
          evilmike_swamp_ruin_rubble_1, swamp_pool4, infiniplex_staircase_pool,
          uniq_jorgrun, uniq_roxanne
Swamp:3:  layout_basic_swamp, ebering_ghost_inner_flame,
          evilmike_swamp_ruin_house_4
Swamp:4:  swamp_fiery, layout_basic_swamp, infiniplex_staircase_pool_2
Snake:1:  layout_basic, drop_trap, nicolae_snake_squiggles,
          nicolae_snake_guarding_the_ruins
Snake:2:  layout_onion_interference, serial_shops, nicolae_stop_n_shop_1,
          uniq_nikola, uniq_aizul
Snake:3:  kennysheep_six_static_rooms, layout_rooms, basic_altar,
          nicolae_snake_salamander_fort, uniq_vashnia, uniq_kirke
Snake:4:  grunt_snake_rune_serpentine_throne, layout_cave_pods,
          gammafunk_ghost_necromancy, drop_trap
Orc:1:    layout_caves, serial_shops, uniq_snorg, uniq_josephine
Orc:2:    st_orc_ogre_mass, layout_caves

Skill      XL: |  1  2  3  4  5  6  7  8  9 10 11 12 13 14 15 16 17 18 19 |
---------------+----------------------------------------------------------+-----
Dodging        | 2 3 4 5 6 7 8 9 10 11 12 13 | 13.9
Stealth        | 2 3 4 5 7 |  7.7
Fighting       | 3 4 5 6 7 8 10 11 12 13 14 15 16 | 16.3
Armour         | 1 2 4 5 7 9 10 11 12 13 14 15 16 17 | 17.0
Ranged Weapons | 5 6 7 8 9 10 11 12 13 14 15 | 15.5
Shields        | 3 6 8 9 |  9.6
Invocations    | 4 7 9 11 12 13 14 | 14.3
Throwing       | |  0.7

Action                     |  1- 3 |  4- 6 |  7- 9 | 10-12 | 13-15 | 16-18 | 19-21 || total
---------------------------+-------+-------+-------+-------+-------+-------+-------++-------
  Melee: Shortbow          |       |       |       |     2 |       |       |       ||     2
   Fire: Shortbow          |    87 |   116 |   242 |   544 |       |       |       ||   989
         Arbalest          |       |       |       |    66 |   726 |   903 |   123 ||  1818
  Throw: Dart              |       |       |     2 |     1 |     1 |       |       ||     4
 Invoke: Finesse           |       |       |       |       |     2 |     5 |     1 ||     8
         Heroism           |       |       |       |       |     1 |     4 |     1 ||     6
         Duel              |       |       |       |       |     1 |     1 |       ||     2
Ability: Dig               |       |       |     1 |     1 |       |       |       ||     2
    Use: Scroll            |     4 |     6 |    14 |    11 |    11 |     4 |     1 ||    51
         Potion            |       |     1 |     1 |     2 |     4 |     4 |     4 ||    16
 Armour: Leather armour    |    13 |     1 |       |       |       |       |       ||    14
         Ring mail         |       |    14 |    41 |    38 |    13 |       |       ||   106
         Steam dragon scal |       |       |       |    34 |       |       |       ||    34
         Fire dragon scale |       |       |       |       |    71 |       |       ||    71
         Scale mail        |       |       |       |       |   148 |   263 |    37 ||   448
  Dodge: Dodged            |    39 |    25 |    93 |   215 |   598 |   723 |   148 ||  1841
  Block: Buckler           |       |       |       |   104 |   370 |   178 |       ||   652
         Kite shield       |       |       |       |       |       |  1237 |   273 ||  1510

Table legend: (Time is in decaauts)
 A = Elapsed time spent in this place.
 B = Non-inter-level travel time spent in this place.
 C = Inter-level travel time spent in this place.
 D = Time resting spent in this place.
 E = Time spent auto-exploring this place.
 F = Levels seen in this place.
 G = Mean time per level.
                   A        B        C        D        E       F      G
               +--------+--------+--------+--------+--------+-----+--------+
         Total |  33100 |  30746 |   2354 |   3330 |  19905 |  34 |  973.5 |
       Dungeon |  13844 |  12432 |   1412 |   1279 |   8754 |  14 |  988.9 |
        Temple |     14 |      8 |      6 |      0 |      0 |   1 |   14.0 |
          Lair |   5874 |   5501 |    373 |    137 |   4150 |   5 | 1174.8 |
         Swamp |   4267 |   3976 |    291 |    146 |   2999 |   4 | 1066.8 |
     Snake Pit |   6112 |   5924 |    188 |   1541 |   2414 |   4 | 1528.0 |
  Orcish Mines |   1290 |   1209 |     81 |      5 |    779 |   2 |  645.0 |
      Ice Cave |    865 |    865 |      0 |    205 |    414 |   1 |  865.0 |
      Gauntlet |    790 |    790 |      0 |      0 |    393 |   1 |  790.0 |
         Arena |     41 |     41 |      0 |     15 |      0 |   2 |   20.5 |
               +--------+--------+--------+--------+--------+-----+--------+

Top non-repeatable levels by time:
 Snake:3: 2059 daAuts
 Snake:1: 1937 daAuts
  Lair:2: 1737 daAuts
    D:12: 1407 daAuts
     D:7: 1405 daAuts
     D:9: 1265 daAuts
     D:8: 1233 daAuts
     D:6: 1221 daAuts
  Lair:4: 1220 daAuts
 Swamp:4: 1210 daAuts
     D:2: 1172 daAuts
 Swamp:2: 1146 daAuts
 Snake:2: 1135 daAuts
  Lair:5: 1061 daAuts
     D:5: 994 daAuts
